Unix NetHack Version 5.0.0-0 post-release - last build Jul 19 2026 19:10:59 (3aa4ab31751d3886436d94b585a96704892fd477,branch:main).

Game began 2026-07-22 08:31:32, ended 2026-07-22 11:00:32.

A4Paper, chaotic female elven Wizard

                                                              #
                                     -----------             -----     -------
                                    #.......(..|             |...|     |)%=.)|
                                    #|....@....-#          ##....|     |[*!?.|
                             ########---------|-#          # ....|     |*(?!!|
                             #          ####### #        ####|....#    |%.!/.|
       --------------       ##          #       #        # # |...|#    |..=?/|
       |............|      [#      ######     ###        ##  -----#    -[-----
       |.............#######     --.------  # #         ##     #  #  ####
       |............|            |@..)._).#[#############         # #%
       |.............############).[)....|[###--------.##        ## #
       --------------            |.....<..   #|........###       #  #
                                 |........###%-*......|  ##      #  #
                                 |.......|    |.......|   ###   ##  #
                                 ---------    |.......|     #####---|-----
                                              |.......|        ##|.......|
                                              ---------        ##-.......|
                                               #                 |.......|
                                                                 ---------
                                                                    #

A4Paper the Thaumaturge   St:10 Dx:12 Co:15 In:18 Wi:12 Ch:10  Chaotic S:4043
Dlvl:2  $:93 HP:63(63) Pw:88(88) AC:7  Xp:7/915 T:3006  Fainting

Latest messages:
 You hit the iguana!
 You hit the iguana!
 The magic-absorbing blade cancels the iguana!
 You kill the iguana!
 There is an open door here.
 You see here an iguana corpse.
 U - an iguana corpse.
 What do you want to sacrifice? [U or ?*]
 You don't have that object.
 What do you want to sacrifice? [U or ?*]
 Your sacrifice is consumed in a burst of flame!
 You have a feeling of inadequacy.
 You see here a sky blue potion.
 V - a sky blue potion.
 You are beginning to feel hungry.
 You stop searching.
 You stop searching.
 The magic-absorbing blade probes the giant bat!
 The probe is insightful.
 Status of the giant bat (neutral, small):  Level 3  HP 10(10)  AC 7.
 The giant bat is not carrying anything.
 The giant bat bites!
 The giant bat bites!
 You kill the giant bat!
 You see here a giant bat corpse.
 You see here a giant bat corpse.
 There is a giant bat corpse here; eat it? [ynq] (n)
 Blecch!  Rotten food!
 Everything suddenly goes dark.
 A floating eye suddenly appears!
 You can see again.
 The kobold zombie hits!
 You destroy the kobold zombie!
 You see here a dart.
 Wizard needs food, badly!
 You feel a bit steadier now.
 You see here a kobold corpse.
 You hit the floating eye!
 You kill the floating eye!
 There is a staircase down to level 3 here.
 You see here 11 rocks.
 You faint from lack of food.
 You regain consciousness.
 You can hear again.
 You see here a dart.
 #
 Really quit without saving? [yn] (n)
 #
 Really quit without saving? [yn] (n)
 Do you want your possessions identified? [ynq] (y)

Inventory:
 Coins    ('$')
  $ - 93 gold pieces
 Weapons  (')')
  h - the rustproof +0 Magicbane (weapon in right hand)
 Armor    ('[')
  b - an uncursed +2 cloak of magic resistance (being worn)
 Scrolls  ('?')
  k - an uncursed scroll of confuse monster
  T - an uncursed scroll of destroy armor
  E - an uncursed scroll of enchant armor
 Spellbooks  ('+')
  m - a blessed spellbook of detect monsters
  l - a blessed spellbook of force bolt
  x - an uncursed spellbook of healing
 Potions  ('!')
  q - an uncursed potion of gain level
  y - 6 uncursed potions of healing
  V - an uncursed potion of invisibility
  p - a potion of unholy water
 Rings    ('=')
  r - an uncursed ring of fire resistance
  d - an uncursed ring of poison resistance (on right hand)
  D - an uncursed ring of shock resistance
 Tools    ('(')
  o - an uncursed bell
  t - an uncursed lock pick
  n - a magic marker (0:22)
  L - a +0 pick-axe
 Gems/Stones  ('*')
  j - an uncursed worthless piece of red glass

A4Paper the Wizard's attributes:

Background:
 You were a Thaumaturge, a level 7 female elven Wizard.
 You were chaotic, on a mission for Anhur
 who was opposed by Ptah (lawful) and Thoth (neutral).
 You were right-handed.
 You were in the Dungeons of Doom, on level 2.
 You entered the dungeon 3006 turns ago.
 You had 915 experience points, 365 more were needed to attain level 8.
 Your score was 4043 before end-of-game adjustments.

Basics:
 You had all 63 hit points.
 You had all 88 energy points (spell power).
 Your armor class was 7.
 Your wallet contained 93 zorkmids.
 Autopickup was off.

Final Characteristics:
 Your strength was 10 (base:11, limit:18).
 Your dexterity was 12 (limit:18).
 Your constitution was 15 (limit:16).
 Your intelligence was 18 (limit:20).
 Your wisdom was 12 (limit:20).
 Your charisma was 10 (limit:18).

Final Status:
 You were fainting due to starvation.
 You were unencumbered.
 You were wielding a dagger.
 You had basic skill with dagger.

Final Attributes:
 You were piously aligned.
 You were magic-protected.
 You were sleep resistant.
 You were shock resistant.
 You were poison resistant.
 You were telepathic.
 You had infravision.
 You were warded.
 You were fast.
 Anhur was angry with you.
 You survived.

Miscellaneous:
 You didn't encounter any bones levels.
 Total elapsed playing time was 19 minutes and 3 seconds.

Major events:
 Turn
    1: A4Paper the chaotic female elven Wizard entered the dungeon
   74: attained the rank of Conjurer (level 3)
  528: attained the rank of Thaumaturge (level 6)
 1184: was bestowed with Magicbane by Anhur
 3006: quit

Spells:
 Name                 Level Category     Fail Retention
 force bolt             1   attack         0%   81%-90%
 detect monsters        1   divination     0%  76%-100%
 healing                1   healing        0%  76%-100%

Skills:
 Fighting Skills
   bare handed combat [Unskilled]
   riding             [Unskilled]
 Weapon Skills
   dagger             [Basic]
   knife              [Unskilled]
   axe                [Unskilled]
   short sword        [Unskilled]
   club               [Unskilled]
   mace               [Unskilled]
   quarterstaff       [Basic]
   polearms           [Unskilled]
   spear              [Unskilled]
   trident            [Unskilled]
   sling              [Unskilled]
   dart               [Unskilled]
   shuriken           [Unskilled]
 Spellcasting Skills
   attack spells      [Basic]
   healing spells     [Unskilled]
   divination spells  [Unskilled]
   enchantment spells [Basic]
   clerical spells    [Unskilled]
   escape spells      [Unskilled]
   matter spells      [Unskilled]

Voluntary challenges:
 Character rerolling was not enabled.
 You never genocided any monsters.
 You never polymorphed an object.
 You never changed form.
 You used no wishes.
Achievements:
 You attained the rank of Conjurer.
 You attained the rank of Thaumaturge.
 You entered a shop.

 The Dungeons of Doom: levels 1 to 3
    Level 1:
       A sink.
    Level 2: <- You were here.
       A general store, an altar to Anhur.
    Level 3:


Vanquished creatures:
  a black pudding
  a ghost
 an amorous demon
  2 leprechauns
  a rock mole
  a pony
  5 fog clouds
  a gnome leader
  a gray ooze
  a straw golem
  2 floating eyes
  2 kittens
  a dwarf
  a kobold leader
  7 hill orcs
  2 rothes
  4 giant bats
  4 orc zombies
  a dwarf zombie
  a werejackal
  2 iguanas
  a coyote
  a large kobold
  a hobgoblin
  a giant rat
  a cave spider
  4 geckos
  4 jackals
  a kobold
  2 goblins
  a sewer rat
  a bat
  3 lichens
  a kobold zombie
  2 newts
66 creatures vanquished.

No species were genocided or became extinct.

Goodbye A4Paper the Wizard...

You quit in The Dungeons of Doom on dungeon level 2 with 4043 points,
and 93 pieces of gold, after 3006 moves.
You were level 7 with a maximum of 63 hit points when you quit.

